[Event "Team 45 45 League T71"]
[Site "Internet Chess Club"]
[Date "2016.12.10"]
[Round "1"]
[White "jjimalo"]
[Black "LittleButton"]
[Result "1/2-1/2"]
[WhiteElo "1794"]
[BlackElo "1833"]
[Opening "Queen's pawn game"]
[ECO "D02"]
[Time "03:15:17"]
[TimeControl "2700+45"]

1. d4 d5 2. Nf3 e6 3. g3 c5 4. dxc5 Bxc5 5. Bg2 Nf6 6. O-O b5 7. b3 Bb7 8. Bb2
Nbd7 9. Nbd2 O-O 10. Ne5 Nxe5 11. Bxe5 Ng4 12. Bb2 Qb6 13. e3 Nxe3 14. fxe3
Bxe3+ 15. Kh1 d4 16. Bxb7 Qxb7+ 17. Qf3 Qe7 18. Qe2 Qb7+ 19. Qf3 Qe7 20. Qe2
Qb7+ 21. Qf3 {Game drawn by repetition} 1/2-1/2

[Event "Team 45 45 League T71"]
[Site "Internet Chess Club"]
[Date "2016.12.12"]
[Round "1"]
[White "achessman"]
[Black "elmaestro"]
[Result "1-0"]
[WhiteElo "1892"]
[BlackElo "1745"]
[Opening "Réti v Dutch"]
[ECO "A04"]
[Time "22:20:11"]
[TimeControl "2700+45"]

1. Nf3 f5 2. g3 Nf6 3. c4 e6 4. Bg2 Be7 5. b3 d6 6. d4 O-O 7. O-O Qe8 8. Bb2
Nbd7 9. Nbd2 Ne4 10. Nxe4 fxe4 11. Nd2 d5 12. f3 exf3 13. Bxf3 c6 14. e4 Nb6 15.
a4 a5 16. Qe2 Bd7 17. Qg2 Bb4 18. c5 Bxd2 19. Qxd2 Nc8 20. Rae1 Qd8 21. Bg4 Ne7
22. Rxf8+ Kxf8 23. Qf4+ Kg8 24. Qd6 Nc8 25. Bxe6+ Kh8 26. Qxd7 Qxd7 27. Bxd7 Ne7
28. exd5 Nxd5 29. Re8+ Rxe8 30. Bxe8 Kg8 31. Bd7 Kf7 32. Bc8 b6 33. cxb6 Nxb6
34. Bb7 Ke6 35. Bxc6 Kd6 36. Be4 g6 37. Bc3 {Black resigns} 1-0

[Event "Team 45 45 League T71"]
[Site "Internet Chess Club"]
[Date "2016.12.11"]
[Round "1"]
[White "pishd"]
[Black "WillC"]
[Result "0-1"]
[WhiteElo "1760"]
[BlackElo "1687"]
[Opening "Queen's pawn game"]
[ECO "D05"]
[Time "09:11:00"]
[TimeControl "2700+45"]

1. d4 d5 2. Nf3 Nf6 3. e3 e6 4. Bd3 Be7 5. Nbd2 b6 6. Ne5 Bb7 7. c3 Nbd7 8. f4
c5 9. Qf3 O-O 10. g4 Nxe5 11. fxe5 Nd7 12. Qh3 Bh4+ 13. Ke2 g6 14. Nf3 Be7 15.
Qg3 f6 16. h4 fxe5 17. dxe5 d4 18. e4 dxc3 19. bxc3 Rf7 20. Bc4 Nf8 21. Rd1 Qe8
22. Ng5 Bxg5 23. Bxg5 Bxe4 24. Bf6 Qc6 25. Rd6 Qa4 26. Bb3 Qa6+ 27. Ke3 c4 28.
Bd1 Bd5 29. Bf3 Qa3 30. Qe1 Bxf3 31. Kxf3 Rxf6+ 32. Kg3 Rf7 33. Rad1 Qxa2 34.
R1d2 Qa5 35. Qe3 Qc5 36. Qe4 Rc8 37. R2d4 a5 38. h5 gxh5 39. g5 Rg7 40. Kh4 a4
41. Kxh5 a3 42. Rd2 Qg1 43. Rg2 Qh1+ 44. Kg4 a2 {White resigns} 0-1

[Event "Team 45 45 League T71"]
[Site "Internet Chess Club"]
[Date "2016.12.12"]
[Round "1"]
[White "JasonModer"]
[Black "SlimeDog2"]
[Result "1-0"]
[WhiteElo "1999"]
[BlackElo "2033"]
[Opening "Grünfeld: exchange variation"]
[ECO "D85"]
[Time "18:05:10"]
[TimeControl "2700+45"]

1. d4 Nf6 2. c4 g6 3. Nc3 d5 4. cxd5 Nxd5 5. Bd2 Bg7 6. e4 Nb6 7. Be3 O-O 8. h3
e5 9. d5 c6 10. Qb3 cxd5 11. exd5 Na6 12. Rd1 Bd7 13. Nf3 Rc8 14. Bxa6 bxa6 15.
O-O Nc4 16. d6 Nxe3 17. fxe3 Qb6 18. Qxb6 axb6 19. Nd5 Rb8 20. Rc1 Rfd8 21. Ng5
Be8 22. Ne7+ Kh8 23. Nc6 Bh6 24. h4 Bxg5 25. hxg5 Bxc6 26. Rxc6 Rd7 27. Kf2 Kg7
28. Kg3 a5 29. Rd1 f6 30. Kf3 Kf7 31. gxf6 Kxf6 32. Ke4 b5 33. Kd5 Re8 34. Rf1+
Kg7 35. Rc7 {Black resigns} 1-0

[Event "Team 45 45 League T71"]
[Site "Internet Chess Club"]
[Date "2016.12.11"]
[Round "1"]
[White "cysk"]
[Black "anna"]
[Result "0-1"]
[WhiteElo "1762"]
[BlackElo "1811"]
[Opening "Scotch game"]
[ECO "C45"]
[Time "19:33:33"]
[TimeControl "2700+45"]

1. e4 e5 2. Nf3 Nc6 3. d4 exd4 4. Nxd4 Bc5 5. Nxc6 bxc6 6. Nc3 Qf6 7. Qf3 d6 8.
Qxf6 Nxf6 9. f3 Be6 10. Na4 Bb6 11. Nxb6 cxb6 12. Bf4 d5 {White forfeits on
time} 0-1

[Event "Team 45 45 League T71"]
[Site "Internet Chess Club"]
[Date "2016.12.10"]
[Round "1"]
[White "Elton2013"]
[Black "qs16"]
[Result "1-0"]
[WhiteElo "1788"]
[BlackElo "1672"]
[Opening "QGD: 4.Bg5 Be7"]
[ECO "D53"]
[Time "10:00:37"]
[TimeControl "2700+45"]

1. d4 d5 2. c4 e6 3. Nc3 Nf6 4. Bg5 Be7 5. e3 c6 6. cxd5 Nxd5 7. Bxe7 Qxe7 8.
Bd3 Nxc3 9. bxc3 Nd7 10. Ne2 O-O 11. O-O Nf6 12. Ng3 e5 13. Qc2 h6 14. Rae1 Bd7
15. f3 b6 16. e4 exd4 17. cxd4 Qb4 18. Qf2 Be6 19. e5 Ne8 20. Rc1 Rc8 21. Be4
Rd8 22. Rfd1 Bd5 23. Nf5 Bxe4 24. fxe4 Kh7 25. Rxc6 g6 26. Qh4 Qa4 27. Qxh6+ Kg8
28. Ne7# {Black checkmated} 1-0

[Event "Team 45 45 League T71"]
[Site "Internet Chess Club"]
[Date "2016.12.11"]
[Round "1"]
[White "AVEMARIA"]
[Black "vjbaker"]
[Result "1-0"]
[WhiteElo "1690"]
[BlackElo "1769"]
[Opening "Sicilian defense"]
[ECO "B30"]
[Time "15:00:55"]
[TimeControl "2700+45"]

1. e4 c5 2. Nf3 Nc6 3. Nc3 g6 4. Be2 Bg7 5. O-O d6 6. d3 Nf6 7. h3 O-O 8. Bg5
Bd7 9. Qd2 Re8 10. Rab1 a6 11. Rfe1 b5 12. Bf1 b4 13. Nd1 Qa5 14. Ra1 e5 15. Ne3
Nd4 16. Nxd4 exd4 17. Nc4 Qc7 18. Qf4 Re6 19. Be2 Bb5 20. b3 Bxc4 21. bxc4 Rae8
22. Bg4 Nxg4 23. Qxg4 h6 24. Bd2 h5 25. Qg3 Be5 26. f4 Bg7 27. f5 Be5 28. Qh4
R6e7 29. Bg5 Rd7 30. Rf1 d5 31. fxg6 fxg6 32. exd5 Bg3 33. Bf4 Bxh4 34. Bxc7
Rxc7 35. a3 a5 36. axb4 axb4 37. Ra6 Kg7 38. d6 Rd7 39. Rc6 Bg3 40. Rxc5 Bxd6
41. Rd5 Ree7 42. Rb1 Kf7 43. Kf1 Be5 44. Rxd7 Rxd7 45. Rxb4 Ke6 46. Ke2 Rf7 47.
Rb6+ Kf5 48. Rb5 Re7 49. Kf3 Kf6 50. g4 h4 51. Ke4 Re8 52. g5+ Kg7 53. Rxe5 Rf8
54. Re7+ Kh8 55. c5 Rf5 56. c6 Rc5 57. c7 Rxc2 58. Re8+ Kg7 59. c8=Q Re2+ 60.
Kxd4 Rxe8 61. Qxe8 Kh7 62. Ke5 Kg7 63. Qe7+ Kh8 64. Kf6 Kg8 65. Qg7# {Black
checkmated} 1-0

[Event "Team 45 45 League T71"]
[Site "Internet Chess Club"]
[Date "2016.12.08"]
[Round "1"]
[White "Pomberito"]
[Black "Agarnez"]
[Result "1/2-1/2"]
[WhiteElo "2084"]
[BlackElo "1992"]
[Opening "QGD: Orthodox defense, Swiss (Henneberger) variation"]
[ECO "D63"]
[Time "07:00:15"]
[TimeControl "2700+45"]

1. Nf3 Nf6 2. d4 d5 3. c4 e6 4. Nc3 Nbd7 5. Bg5 Be7 6. e3 O-O 7. Rc1 a6 8. a3
dxc4 9. Bxc4 b5 10. Bd3 Bb7 11. O-O Rc8 12. e4 c5 13. e5 Ne8 14. Bxe7 Qxe7 15.
Ne4 cxd4 16. Rxc8 Bxc8 17. Qc1 Bb7 18. Qf4 Nc5 19. Nxc5 Qxc5 20. Bxh7+ Kxh7 21.
Rc1 Qd5 22. Qg4 Qb3 23. Ng5+ Kg8 24. Qxd4 Qd5 25. Nf3 f6 26. exf6 Qxd4 27. Nxd4
Rxf6 28. Nc6 Bxc6 29. Rxc6 e5 30. Rc8 Kf7 31. b3 Rd6 32. h4 Rd1+ 33. Kh2 Rd3 34.
Rc6 Rxb3 35. Rxa6 Nf6 36. f3 Kg6 37. a4 b4 38. Rb6 Kf5 39. a5 Nd5 40. Rb7 g6 41.
a6 Ra3 42. a7 Ra2 43. Kg1 Ke6 44. g4 Kd6 45. h5 gxh5 46. gxh5 Kc6 47. h6 b3 48.
h7 Rxa7 49. Rxa7 b2 50. h8=Q b1=Q+ 51. Kh2 Qc2+ 52. Kh3 Nf4+ 53. Kg4 Qg6+ 54.
Kh4 Ng2+ 55. Kh3 {Game drawn by mutual agreement} 1/2-1/2

[Event "Team 45 45 League T71"]
[Site "Internet Chess Club"]
[Date "2016.12.08"]
[Round "1"]
[White "santiagoelawad"]
[Black "Bluecat"]
[Result "1/2-1/2"]
[WhiteElo "2008"]
[BlackElo "1866"]
[Opening "English: symmetrical, Rubinstein system"]
[ECO "A34"]
[Time "09:12:40"]
[TimeControl "2700+45"]

1. c4 c5 2. Nc3 Nf6 3. g3 d5 4. cxd5 Nxd5 5. Bg2 Nc7 6. d3 e5 7. f4 Bd6 8. fxe5
Bxe5 9. Nf3 Bf6 10. Ne4 Be7 11. Be3 Nd5 12. Bf2 b6 13. Qa4+ Bd7 14. Qc2 Nc6 15.
a3 O-O 16. O-O Rc8 17. Nc3 Be6 18. Nxd5 Bxd5 19. e4 Be6 20. Rad1 Bf6 21. Be3 Bg4
22. h3 Nd4 23. Bxd4 Bxf3 24. Bxf3 Qxd4+ 25. Rf2 Qd6 26. Kg2 Be5 27. Bg4 Rcd8 28.
Rf3 Qd4 {Game drawn by mutual agreement} 1/2-1/2

[Event "Team 45 45 League T71"]
[Site "Internet Chess Club"]
[Date "2016.12.10"]
[Round "1"]
[White "Grann"]
[Black "primerpaso"]
[Result "1-0"]
[WhiteElo "1908"]
[BlackElo "1818"]
[Opening "Sicilian: Najdorf, Byrne (English) attack"]
[ECO "B90"]
[Time "11:00:17"]
[TimeControl "2700+45"]

1. e4 c5 2. Nf3 d6 3. d4 cxd4 4. Nxd4 Nf6 5. Nc3 a6 6. Be3 e5 7. Nb3 Be6 8. f3
Nbd7 9. Qd2 b5 10. O-O-O b4 11. Nd5 Bxd5 12. exd5 a5 13. Bb5 Qc7 14. Bc6 Rb8 15.
g4 Be7 16. h4 O-O 17. Kb1 Bd8 18. h5 Ne8 19. g5 Rc8 20. f4 exf4 21. Bxf4 Ne5 22.
Bxe5 dxe5 23. Bxe8 Rxe8 24. d6 Qd7 25. Qd5 Bb6 26. g6 Rf8 27. h6 hxg6 28. Qxe5
f6 29. Qd5+ Rf7 30. hxg7 Kxg7 31. Qd2 Rh8 32. Rxh8 Kxh8 33. Qh6+ Rh7 34. Qf8#
{Black checkmated} 1-0

[Event "Team 45 45 League T71"]
[Site "Internet Chess Club"]
[Date "2016.12.11"]
[Round "1"]
[White "chesswooog"]
[Black "SlimeDog2"]
[Result "0-1"]
[WhiteElo "2011"]
[BlackElo "2052"]
[Opening "KGA: Becker defense"]
[ECO "C34"]
[Time "18:09:17"]
[TimeControl "2700+45"]

1. e4 e5 2. f4 exf4 3. Nf3 h6 4. Bc4 g5 5. Ne5 Rh7 6. Bxf7+ Rxf7 7. Nxf7 Kxf7 8.
Qh5+ Kg7 9. Nc3 Nf6 10. Qe2 d6 11. h4 Nc6 12. hxg5 hxg5 13. b3 Bg4 14. Qf2 Kg6
15. Bb2 Bg7 16. d3 Nh5 17. Na4 Qh8 18. Bxg7 Qxg7 19. Kd2 Ng3 20. Rhe1 b5 21. Nc3
b4 22. Nd5 Re8 23. a3 a5 24. axb4 axb4 25. Ra6 Nd4 26. Nxb4 Nge2 27. Rxe2 Nxe2
28. Nd5 Qb2 29. Qf1 Nd4 30. Rc6 Nxc6 {White resigns} 0-1

[Event "Team 45 45 League T71"]
[Site "Internet Chess Club"]
[Date "2016.12.11"]
[Round "1"]
[White "searchforbobby1"]
[Black "room-matt"]
[Result "1-0"]
[WhiteElo "1981"]
[BlackElo "1905"]
[Opening "Ponziani: Caro variation"]
[ECO "C44"]
[Time "14:35:50"]
[TimeControl "2700+45"]

1. e4 e5 2. Nf3 Nc6 3. c3 d5 4. Qa4 Bd7 5. exd5 Nd4 6. Qd1 Nxf3+ 7. Qxf3 Nf6 8.
Bc4 Bd6 9. d3 h6 10. Nd2 O-O 11. h3 b5 12. Bb3 a5 13. Ne4 a4 14. Nxf6+ Qxf6 15.
Qxf6 gxf6 16. Bc2 Kg7 17. O-O Rg8 18. f4 Bc5+ 19. Kh2 Bd6 20. Bd2 h5 21. Rae1
Rae8 22. Kh1 exf4 23. Rxe8 Rxe8 24. Bd1 Kg6 25. Re1 Re5 26. Bf3 Bc8 27. Kg1 Kg5
28. d4 Rxe1+ 29. Bxe1 h4 30. Be2 Ba6 31. Kf2 f5 32. a3 Kf6 33. Kf3 Kg5 34. Bd2
f6 35. Bd3 Bb7 36. Bxb5 Bxd5+ 37. Kf2 Bb3 38. Bc6 Bc2 39. c4 Bb3 40. c5 Be7 41.
Ba5 Bd8 42. d5 Be7 43. Bxc7 Bxc5+ 44. Ke1 Bd4 45. Ba5 Bxb2 46. Bb4 Bd4 47. d6
Bb6 48. d7 Bd8 49. Bd6 Bc2 50. Kf1 Bd1 51. Kf2 Bc2 52. Bc5 Bd1 53. Bb5 Kg6 54.
Bb4 Kg5 55. Be2 Bb3 56. Bf3 Kg6 57. Bd6 Kg5 58. Ke2 Be6 59. Bc6 Bb3 60. Kd3 Bd1
61. Kc3 Bb3 62. Kb4 Bc2 63. Bf3 Bb3 64. Kc5 Bc2 65. Kb5 Bb3 66. Ka6 Be6 67. Bc6
f3 68. gxf3 f4 69. Kb7 Bxh3 70. Bc7 Be7 71. Bb6 Bf5 72. Bg1 Kh5 73. Kc7 h3 74.
d8=Q Bxd8+ 75. Kxd8 Kh4 76. Bh2 Bc2 77. Bxf4 f5 78. Ke7 Kh5 79. Kf6 Kh4 80. Bh2
Kh5 81. Bg3 Kh6 82. Be8 Bd1 83. Bg6 {Black resigns} 1-0

[Event "Team 45 45 League T71"]
[Site "Internet Chess Club"]
[Date "2016.12.10"]
[Round "1"]
[White "fishhead"]
[Black "ArturitoGalacti"]
[Result "0-1"]
[WhiteElo "1796"]
[BlackElo "1843"]
[Opening "Caro-Kann: two knights, 3...Bg4"]
[ECO "B10"]
[Time "15:00:38"]
[TimeControl "2700+45"]

1. e4 c6 2. Nf3 d5 3. Nc3 Bg4 4. h3 Bxf3 5. Qxf3 e6 6. g4 Nd7 7. Qg3 Bb4 8. Bg2
dxe4 9. Nxe4 Ndf6 10. Qb3 Qb6 11. c3 Nxe4 12. Bxe4 Bd6 13. d4 Nf6 14. Bg2 Nd5
15. Bg5 O-O 16. Qc2 Nf4 17. Be4 h6 18. Bh4 f5 19. gxf5 exf5 20. Bxf5 Ng2+ 21.
Kf1 Nxh4 22. Be6+ Kh8 {White resigns} 0-1

[Event "Team 45 45 League T71"]
[Site "Internet Chess Club"]
[Date "2016.12.08"]
[Round "1"]
[White "ChessHouston"]
[Black "Goli"]
[Result "1-0"]
[WhiteElo "1851"]
[BlackElo "1786"]
[Opening "Robatsch (modern) defense"]
[ECO "B06"]
[Time "17:02:25"]
[TimeControl "2700+45"]

1. e4 g6 2. d4 Bg7 3. Nf3 d6 4. h3 Nf6 5. Bd3 O-O 6. c3 Nbd7 7. O-O e5 8. Re1 a6
9. Be3 Re8 10. Nbd2 h6 11. Qc2 c5 12. dxc5 dxc5 13. a4 b6 14. Nf1 Qc7 15. N3d2
Bb7 16. f3 Rad8 17. g4 Bc8 18. Ng3 Nf8 19. Bc4 Ne6 20. Ndf1 Qe7 21. Rad1 Nc7 22.
Qe2 Bd7 23. b3 b5 24. axb5 axb5 25. Bd3 Ra8 26. Bc1 Red8 27. Ne3 Nfe8 28. Bb1
Be6 29. c4 bxc4 30. bxc4 Nd6 31. Nd5 Bxd5 32. exd5 Ra4 33. Bd3 Re8 34. Be3 Na6
35. Ra1 Qd7 36. Ne4 Nxe4 37. fxe4 Ra8 38. Bc2 Rb4 39. Bxc5 Rbb8 40. Ba4 Qd8 41.
Bf2 Nb4 42. Bb5 Bf8 43. Reb1 Qc7 44. Qd2 Rxa1 45. Rxa1 Nc2 46. Ra7 Qc8 47. d6
Nd4 48. Bxd4 Bxd6 49. Bf2 Bc5 50. Bxc5 Qxc5+ 51. Qf2 Qd6 52. Qxf7+ {Black
resigns} 1-0

[Event "Team 45 45 League T71"]
[Site "Internet Chess Club"]
[Date "2016.12.07"]
[Round "1"]
[White "Capt-Morgan"]
[Black "justice02"]
[Result "0-1"]
[WhiteElo "1884"]
[BlackElo "1727"]
[Opening "QGD Slav: 3.Nf3"]
[ECO "D11"]
[Time "21:00:27"]
[TimeControl "2700+45"]

1. d4 d5 2. c4 c6 3. Nf3 a6 4. Nc3 Nf6 5. cxd5 cxd5 6. Bf4 g6 7. e3 Bg7 8. Bd3
O-O 9. O-O Nc6 10. h3 Nh5 11. Bh2 f5 12. Qb3 e6 13. Na4 Nf6 14. Nc5 Na5 15. Qc2
Ne4 16. Nxe6 Bxe6 17. Bc7 Rc8 18. Bxa5 Qxa5 {White resigns} 0-1

[Event "Team 45 45 League T71"]
[Site "Internet Chess Club"]
[Date "2016.12.08"]
[Round "1"]
[White "zepled37"]
[Black "Portola"]
[Result "1/2-1/2"]
[WhiteElo "1678"]
[BlackElo "1711"]
[Opening "French: advance, Euwe variation"]
[ECO "C02"]
[Time "19:04:08"]
[TimeControl "2700+45"]

1. e4 e6 2. d4 d5 3. e5 c5 4. c3 Nc6 5. Nf3 Bd7 6. Be2 Nge7 7. Na3 a6 8. Nc2 Nf5
9. O-O Qb6 10. a3 Be7 11. b4 cxd4 12. cxd4 O-O 13. Be3 Rac8 14. Bd3 Nxe3 15.
fxe3 Na7 16. h4 Bb5 17. Nce1 Rc3 18. Rf2 Rfc8 19. Rc2 Ba4 20. Ng5 Bxg5 21. hxg5
Bxc2 22. Nxc2 g6 23. Qe2 Qd8 24. Rf1 Qxg5 25. Rf3 R8c7 26. a4 b5 27. axb5 axb5
28. Ne1 Qe7 29. Bxb5 Qxb4 30. Be8 Qf8 31. Bb5 Nxb5 32. Qxb5 Qc8 33. Qe2 Qb8 34.
Rf1 Qf8 35. Rf3 Qh6 36. Rh3 Qg7 37. Rf3 Rc1 38. Rf1 Qf8 39. Qf3 Qa3 40. Kh1 R1c3
41. Qf6 Qf8 42. Qg5 Rc1 43. Qf4 Ra1 44. Kg1 Rcc1 45. Qf2 Qe7 46. Kh1 Rcb1 47.
Kg1 Ra7 48. Kh1 Rba1 49. Qf4 R7a2 50. Kg1 Re2 51. Qg3 h5 52. Nf3 Rxf1+ 53. Kxf1
Rxe3 54. Qf4 Ra3 55. Qh6 Qf8 56. Qg5 Ra1+ 57. Kf2 Qc8 58. Kg3 Ra2 59. Qf6 Qf8
60. Kh3 Ra3 61. Kh2 Re3 62. Ng5 Rd3 63. Nxe6 fxe6 64. Qxg6+ Qg7 65. Qxd3 Qg4 66.
Qc3 Kf7 67. Qc7+ Kg6 68. Qc2+ Qe4 69. Qd2 Kf5 70. Qd1 Kg6 {Game drawn by mutual
agreement} 1/2-1/2

[Event "Team 45 45 League T71"]
[Site "Internet Chess Club"]
[Date "2016.12.11"]
[Round "1"]
[White "rubo"]
[Black "Grenadier"]
[Result "1/2-1/2"]
[WhiteElo "1624"]
[BlackElo "1618"]
[Opening "Bird's opening"]
[ECO "A03"]
[Time "20:26:23"]
[TimeControl "2700+45"]

1. f4 d5 2. Nf3 Nf6 3. e3 Bg4 4. b3 Nbd7 5. Bb2 e6 6. Be2 Bd6 7. O-O c5 8. Ne5
Bxe2 9. Qxe2 Qc7 10. Nxd7 Qxd7 11. d3 O-O-O 12. e4 dxe4 13. dxe4 Be7 14. e5 Nd5
15. Na3 a6 16. Rad1 Qc6 17. c4 Nb4 18. Bc3 Rxd1 19. Rxd1 Rd8 20. Rxd8+ Kxd8 21.
Bxb4 cxb4 22. Nc2 Bc5+ 23. Kf1 g6 24. Qd3+ Ke7 25. Ne3 h5 26. Nd1 Bb6 27. Qd2
Qc5 28. Qf2 {Game drawn by mutual agreement} 1/2-1/2

[Event "Team 45 45 League T71"]
[Site "Internet Chess Club"]
[Date "2016.12.10"]
[Round "1"]
[White "GoIrish"]
[Black "g8wrb"]
[Result "1/2-1/2"]
[WhiteElo "1500"]
[BlackElo "1302"]
[Opening "Réti opening"]
[ECO "A05"]
[Time "06:35:53"]
[TimeControl "2700+45"]

1. Nf3 Nf6 2. g3 d5 3. Bg2 Nc6 4. O-O e5 5. d3 Bc5 6. Nbd2 O-O 7. e4 Bg4 8. h3
dxe4 9. Nxe4 Nxe4 10. dxe4 Bh5 11. c3 Re8 12. Qc2 Qf6 13. g4 Bg6 14. Bg5 Qe6 15.
b3 f6 16. Bh4 Rad8 17. Rad1 Rd6 18. Rxd6 Qxd6 19. Rd1 Qe7 20. g5 Rd8 21. gxf6
gxf6 22. Rxd8+ Qxd8 23. Qd2 Be7 24. Qxd8+ Bxd8 {Game drawn by mutual agreement}
1/2-1/2

[Event "Team 45 45 League T71"]
[Site "Internet Chess Club"]
[Date "2016.12.07"]
[Round "1"]
[White "kwen2008"]
[Black "VictorRed"]
[Result "0-1"]
[WhiteElo "1569"]
[BlackElo "1679"]
[Opening "Sicilian defense"]
[ECO "B44"]
[Time "22:10:29"]
[TimeControl "2700+45"]

1. e4 c5 2. Nf3 e6 3. d4 cxd4 4. Nxd4 Nc6 5. Nxc6 bxc6 6. Be2 Nf6 7. Nc3 Bb4 8.
Bf3 Ba6 9. Bd2 O-O 10. a3 Bc5 11. Be2 Bb7 12. O-O d5 13. exd5 cxd5 14. Bf3 Qc7
15. Ne2 e5 16. Ng3 e4 17. Be2 Rad8 18. Bg5 Qe5 19. Bxf6 Qxf6 20. b4 Bb6 21. Nh5
Qg5 22. Ng3 f5 23. Bb5 f4 24. Ne2 d4 25. Bc4+ Kh8 26. Kh1 Rf6 27. a4 Rg6 28. Rg1
d3 29. cxd3 Bxf2 {White resigns} 0-1

[Event "Team 45 45 League T71"]
[Site "Internet Chess Club"]
[Date "2016.12.10"]
[Round "1"]
[White "Innes"]
[Black "andrewliang"]
[Result "1-0"]
[WhiteElo "1562"]
[BlackElo "1635"]
[Opening "Giuoco Piano"]
[ECO "C44"]
[Time "18:01:06"]
[TimeControl "2700+45"]

1. e4 e5 2. d4 exd4 3. Nf3 Nc6 4. Bc4 Bc5 5. c3 Nf6 6. e5 d5 7. exd6 Qxd6 8. O-O
O-O 9. Re1 Bg4 10. Bg5 Rfe8 11. Nbd2 Ne5 12. cxd4 Bxd4 13. Qb3 Nxc4 14. Nxc4 Qc5
15. Nxd4 Qxd4 16. Be3 Qd5 17. f3 Be6 18. Rac1 b6 19. Red1 Qb7 20. Qc3 Nd5 21.
Qe1 Nxe3 22. Nxe3 Bxa2 23. Rd7 Rac8 24. Qc3 Be6 25. Rxc7 Qxc7 26. Qxc7 Rxc7 27.
Rxc7 Ra8 28. Kf2 Kf8 29. f4 Ke8 30. f5 Bd7 31. g4 Kd8 32. Nd5 b5 33. Ke3 Ke8 34.
Kd4 Kd8 35. Ke5 f6+ 36. Kd6 Be8 37. Rxg7 Rc8 38. Nc7 {Black resigns} 1-0

[Event "Team 45 45 League T71"]
[Site "Internet Chess Club"]
[Date "2016.12.10"]
[Round "1"]
[White "dinosaurchess"]
[Black "armand068new"]
[Result "0-1"]
[WhiteElo "1346"]
[BlackElo "1550"]
[Opening "Sicilian: Taimanov variation"]
[ECO "B45"]
[Time "17:01:42"]
[TimeControl "2700+45"]

1. e4 c5 2. Nf3 e6 3. d4 cxd4 4. Nxd4 Nc6 5. Nc3 Bb4 6. a3 Ba5 7. b4 Bb6 8. Be3
Ne5 9. Be2 Nf6 10. O-O Qc7 11. Ndb5 Qd8 12. Bxb6 Qxb6 13. Kh1 O-O 14. Qd6 Qxd6
15. Nxd6 a6 16. h3 Ne8 17. Nxe8 Rxe8 18. f4 Nc6 19. Rad1 g6 20. Na4 Rd8 21. Nb6
Rb8 22. e5 Ne7 23. Rd3 Nf5 24. Rfd1 h5 25. Nxd7 Bxd7 26. Rxd7 Rxd7 27. Rxd7 Ng3+
28. Kh2 Nxe2 29. g3 Nc3 30. Rd3 Nd5 31. g4 hxg4 32. hxg4 Nxf4 33. Rf3 Nd5 34. c4
Nb6 35. c5 Nd5 36. Kh3 Kg7 37. Kh4 Rh8+ 38. Kg5 Rh1 39. Rb3 Re1 40. Kh4 Rxe5 41.
a4 g5+ 42. Kg3 Re3+ 43. Rxe3 Nxe3 44. b5 axb5 45. axb5 Nd5 46. Kf3 Kf6 47. b6
Nxb6 48. cxb6 Ke5 49. Ke3 Kd5 50. Kf3 f6 51. Ke3 Kc5 52. Kd3 Kxb6 53. Kc4 Kc6
54. Kd4 b5 55. Kc3 Kc5 56. Kb3 f5 57. gxf5 exf5 58. Kc3 b4+ 59. Kd3 g4 60. Ke3
b3 61. Kf4 b2 62. Kxf5 g3 63. Ke5 g2 64. Ke6 g1=Q 65. Ke5 Qg4 66. Kf6 Qh5 67.
Ke6 Qg5 68. Kf7 Qh6 69. Ke7 Kc6 70. Kf7 Kd6 71. Ke8 Qg7 72. Kd8 Qf8# {White
checkmated} 0-1

[Event "Team 45 45 League T71"]
[Site "Internet Chess Club"]
[Date "2016.12.17"]
[Round "1"]
[White "Packerfan"]
[Black "Littlemon"]
[Result "1-0"]
[WhiteElo "1673"]
[BlackElo "1566"]
[Opening "Hungarian defense"]
[ECO "C50"]
[Time "10:00:34"]
[TimeControl "2700+45"]

1. e4 e5 2. Nf3 Nc6 3. Bc4 Be7 4. O-O Nf6 5. Nc3 O-O 6. d3 h6 7. h3 d6 8. a3 Kh8
9. Be3 Nh7 10. Qd2 f5 11. exf5 Bxf5 12. Kh2 Qd7 13. Qe2 g5 14. Nd5 a6 15. Nxe7
Nxe7 16. Rae1 Ng6 17. c3 d5 18. Ba2 Rae8 19. d4 e4 20. Ne5 Qe6 21. g4 Nxe5 22.
dxe5 Bg6 23. Bd4 Rf3 24. c4 c6 25. cxd5 cxd5 26. Rd1 h5 27. Bc3 Rd8 28. Rg1 Bf7
29. Rg3 Rxg3 30. Kxg3 hxg4 31. hxg4 Be8 32. Rd2 Bc6 33. Qxe4 Kg8 34. f3 Kg7 35.
Qf5 Qxf5 36. gxf5 Nf8 37. e6+ Kg8 38. e7 Rd7 {Black resigns} 1-0

[Event "Team 45 45 League T71"]
[Site "Internet Chess Club"]
[Date "2016.12.09"]
[Round "1"]
[White "bluesun"]
[Black "Lrn2Mate"]
[Result "1/2-1/2"]
[WhiteElo "1492"]
[BlackElo "1620"]
[Opening "Scandinavian (center counter) defense"]
[ECO "B01"]
[Time "19:00:31"]
[TimeControl "2700+45"]

1. e4 d5 2. exd5 Qxd5 3. Nc3 Qd8 4. d4 Nf6 5. Bc4 e6 6. Nge2 a6 7. O-O b5 8. Bb3
Be7 9. h3 Bb7 10. Ng3 c5 11. dxc5 Nbd7 12. Be3 Nxc5 13. Qe2 Qc7 14. Rfd1 Qc6 15.
f3 O-O 16. a4 b4 17. Nb1 Qc7 18. Bf2 Nxb3 19. cxb3 Bd6 20. Nf1 a5 21. Nbd2 Nd5
22. Rac1 Qb8 23. Nc4 Bc7 24. Nfd2 Nf6 25. Ne4 Nxe4 26. fxe4 Rd8 27. Bc5 Rxd1+
28. Rxd1 h6 29. Qg4 Qe8 30. e5 Rd8 31. Bd6 Qc6 32. Rd2 Ba6 33. Qd4 Bxc4 34. Qxc4
Qb6+ 35. Bc5 Qb8 36. Rxd8+ Qxd8 37. Bd4 Qd5 38. Qxd5 exd5 39. Kf2 Kf8 40. Ke3
Ke7 41. Bc5+ Ke6 42. Bd4 Bxe5 43. Bb6 Bxb2 44. Bxa5 Bc3 45. Bb6 Kd6 46. g4 Kc6
47. Ba7 g6 {Game drawn by mutual agreement} 1/2-1/2

[Event "Team 45 45 League T71"]
[Site "Internet Chess Club"]
[Date "2016.12.11"]
[Round "1"]
[White "MasterD"]
[Black "clarinetref"]
[Result "0-1"]
[WhiteElo "1507"]
[BlackElo "1595"]
[Opening "Robatsch defense: two knights, Suttles variation"]
[ECO "B06"]
[Time "20:05:54"]
[TimeControl "2700+45"]

1. e4 g6 2. d4 d6 3. Nc3 c6 4. Nf3 Bg7 5. Bc4 Nf6 6. O-O Nxe4 7. Nxe4 d5 8. Bd3
dxe4 9. Bxe4 O-O 10. c3 Nd7 11. Bf4 Nf6 12. Bc2 Qb6 13. Rb1 Be6 14. Qd2 Bd5 15.
Ne5 Bxa2 16. Ra1 Be6 17. b3 Rfd8 18. Bh6 c5 19. Bxg7 Kxg7 20. Qg5 h6 21. Qg3 Nh5
22. Qh4 cxd4 23. Qxe7 Qd6 24. Nxg6 Qxe7 25. Nxe7 d3 26. Bd1 Nf4 27. Bf3 Rd7 28.
c4 Rxe7 29. Rad1 Ne2+ 30. Kh1 Rd7 31. Rd2 Nf4 32. Rfd1 Rad8 33. Kg1 Ne2+ 34. Kf1
Nd4 35. Rxd3 Nxf3 36. Rxd7 Rxd7 37. Rxd7 Nxh2+ 38. Kg1 Nf3+ 39. gxf3 Bxd7 40.
Kg2 Kf6 41. Kg3 Be6 42. f4 b5 43. cxb5 Bxb3 44. f3 Bc4 45. Kg4 Bxb5 46. Kh5 Kg7
47. f5 Be2 48. Kg4 a5 49. Kg3 a4 50. f4 Kf6 51. Kh4 Kxf5 52. Kg3 a3 53. Kf2 Bg4
54. Ke3 a2 55. Kf2 a1=Q 56. Ke3 Qc3+ 57. Kf2 Qf3+ 58. Kg1 Bh3 59. Kh2 Qg2#
{White checkmated} 0-1

[Event "Team 45 45 League T71"]
[Site "Internet Chess Club"]
[Date "2016.12.11"]
[Round "1"]
[White "zap2"]
[Black "chessnow"]
[Result "0-1"]
[WhiteElo "1736"]
[BlackElo "1744"]
[Opening "Nimzovich-Larsen attack: modern variation"]
[ECO "A01"]
[Time "12:34:10"]
[TimeControl "2700+45"]

1. b3 e5 2. Bb2 Nc6 3. e3 d5 4. Bb5 Bd6 5. Nf3 f6 6. O-O a6 7. Bxc6+ bxc6 8. d4
e4 9. Nfd2 f5 10. Qh5+ g6 11. Qe2 Qh4 12. g3 Qh3 13. c4 Nf6 14. f4 h5 15. Nc3 h4
16. Qg2 Qxg2+ 17. Kxg2 hxg3 18. h3 Be6 19. Na4 Kd7 20. Nc5+ Ke7 21. Nxa6 Rxa6
22. c5 Nh5 23. b4 Rb8 24. a3 Bxf4 25. exf4 Kf6 26. h4 Bd7 27. Nb3 Re8 28. Rae1
Re7 29. Nc1 Rh7 30. Ne2 Kf7 31. Nxg3 Nf6 32. Rh1 Ra8 33. Rh3 Rah8 34. Reh1 Bc8
35. Kf2 g5 36. fxg5 f4 37. gxf6 Bxh3 38. Nxe4 dxe4 39. Rxh3 Rxh4 40. Rxh4 Rxh4
41. Kg2 f3+ 42. Kg1 Rg4+ 43. Kf1 e3 44. Bc3 f2 45. Ke2 Rg1 46. Kxe3 f1=Q 47. Ke4
Qe2+ 48. Kf5 Qf3+ 49. Ke5 Rg5# {White checkmated} 0-1